 Dungeon Crawl Stone Soup version 0.29-a0-330-g52719c12eb (webtiles) character file.

Game seed: 8793569260088306744

39 Leszczynek the Ducker (level 3, 9/29 HPs)
             Began as a Human Gladiator on Apr 20, 2022.
             Quit the game on level 3 of the Dungeon.
             The game lasted 00:04:02 (544 turns).

Leszczynek the Ducker (Human Gladiator)              Turns: 544, Time: 00:04:03

Health: 9/29       AC:  5    Str: 14    XL:     3   Next: 67%
Magic:  3/3        EV: 12    Int: 10    God:
Gold:   21         SH:  0    Dex: 14    Spells: 2/2 levels left

rFire   . . .      SeeInvis .   a - +0 quarterstaff
rCold   . . .      Faith    .   (shield currently unavailable)
rNeg    . . .      Spirit   .   b - +0 leather armour
rPois   .          Reflect  .   c - +0 helmet
rElec   .          Harm     .   (no cloak)
rCorr   .          Rampage  .   j - +0 pair of gloves
Will    .....                   (no boots)
Stlth   +.........              f - amulet of magic regeneration
HPRegen 0.09/turn               (no ring)
MPRegen 0.48/turn               (no ring)

@: no status effects
A: no striking features
a: no special abilities


You were on level 3 of the Dungeon.
You visited 1 branch of the dungeon, and saw 3 of its levels.

You collected 70 gold pieces.
You spent 49 gold pieces at shops.

Inventory:

Hand Weapons
 a - a +0 quarterstaff (weapon)
 x - a +0 long sword
Missiles
 d - a throwing net (quivered)
Armour
 b - a +0 leather armour (worn)
 c - a +0 helmet (worn)
 j - a +0 pair of gloves (worn)
Jewellery
 f - an amulet of magic regeneration (around neck)
Scrolls
 i - 2 scrolls of fog {unknown}
 k - a scroll of acquirement {unknown}
 l - 2 scrolls of identify {unknown}
Potions
 g - a potion of curing {@q1}
 h - a potion of cancellation


   Skills:
 * Level 3.0 Fighting
 - Level 3.0 Staves
 + Level 2.4 Throwing
 + Level 3.3 Dodging


You had 2 spell levels left.
You didn't know any spells.
Your spell library was empty.

Dungeon Overview and Level Annotations

Branches:
Dungeon (3/15)

Altars:

Shops:
D:2 *


Message History

The gnoll moves out of view.
Unknown command.
Things that are here:
a +0 whip; a gnoll corpse Throw: 2 throwing nets
Press: ? - help, Q - select action Shift-Dir - straight line, f - gnoll
Aim: a gnoll, wielding a +0 whip (64% to hit)
Okay, then.
There is a stone staircase leading down here.
The gnoll attacks as you move away! The gnoll closely misses you.
An ogre and a hobgoblin come into view.
The hobgoblin moves out of view.
Throw: 2 throwing nets
Press: ? - help, Q - select action Shift-Dir - straight line, f - gnoll
Aim: a gnoll, wielding a +0 whip (64% to hit)
You throw a throwing net. The throwing net hits the gnoll.
The gnoll is caught in the net!
The ogre shouts!
You hit the gnoll.
The gnoll is heavily wounded.
The gnoll struggles against the net.
The gnoll hits you from afar with a +0 spear.
The gnoll struggles against the net.
You hit the gnoll but do no damage.
The gnoll is heavily wounded.
The gnoll hits you but does no damage.
The gnoll struggles against the net.
You hit the gnoll.
The gnoll is severely wounded.
The gnoll hits you from afar with a +0 spear.
The gnoll struggles against the net.
The net rips apart, and the gnoll comes free!
It was a potion of curing.
You feel better.
The gnoll hits you from afar with a +0 spear.
The gnoll barely misses you.
It was a potion of cancellation.
You feel magically purged.
The gnoll hits you from afar with a +0 spear.
The gnoll hits you with a +0 whip. The ogre misses you.
Unknown command.
Okay, then.
Are you sure you want to abandon this character and quit the game? (Confirm with "yes".)

...... .......##
........# ........#.# #.
........#.# #
.####....>.... ...
..##.......#####..#.#
#.#........gg@.......
#...##...#.###O.>.#.#
##..##...##.####......
###.........#g.....#..##
....##.##...............
.........##.....<.... ..
.........###..#.###... .
.........# #...........
....g....# ##..####.


You could see an ogre and 2 gnolls.

Vanquished Creatures
  2 gnolls (D:3)
  A bat (D:2)
  A giant cockroach (D:1)
  A goblin (D:3)
  2 hobgoblins (D:3)
  5 jackals
  A quokka (D:3)
  2 ball pythons (D:1)
  2 frilled lizards
  A rat (D:1)
18 creatures vanquished.

Vanquished Creatures (others)
  13 plants (D:3)
13 creatures vanquished.

Grand Total: 31 creatures vanquished

Notes
Turn   | Place    | Note
-------+----------+-------------------------------------------
     0 | D:1      | Leszczynek the Human Gladiator began the quest for the Orb.
     0 | D:1      | Reached XP level 1. HP: 16/16 MP: 1/1
   143 | D:1      | Reached XP level 2. HP: 22/22 MP: 2/2
   296 | D:2      | Found Kugh's Assorted Antiques.
   307 | D:2      | Bought a fizzy purple potion for 23 gold pieces
   307 | D:2      | Bought a scroll labelled CIGUJOMIOJ for 26 gold pieces
   487 | D:3      | Reached XP level 3. HP: 20/28 MP: 3/3
   509 | D:3      | Reached skill level 3 in Fighting
   537 | D:3      | Noticed an ogre
   544 | D:3      | Quit the game

Illustrated notes

Levels and vault maps discovered:
D:1:      mrwooster_arrival_statue_3, layout_basic, serial_shops, shop,
          hellmonk_ecumenical_altar_blasted, grunt_decor_arrowhead
D:2:      layout_loops_ring, serial_shops, shop
D:3:      minmay_spotlight, layout_rooms, minitemple, serial_glass,
          glass_columns_b, glass_columns_b, st_stairs_2, serial_bayou_pond_c,
          palyth_stone_intersect, uniq_grinder

Skill      XL: |  1  2  3 |
---------------+----------+-----
Fighting       | 3 |  3.0
Staves         | |  3.0
Throwing       | |  2.4
Dodging        | |  3.3

Action                   || total
-------------------------++-------
Melee: Quarterstaff      ||    53
Throw: Javelin           ||     1
       Throwing net      ||     2
  Use: Potion            ||     2
 Stab: Held in net/web   ||     1
Armor: Leather armour    ||    22
Dodge: Dodged            ||    32

Table legend: (Time is in decaauts)
 A = Elapsed time spent in this place.
 B = Non-inter-level travel time spent in this place.
 C = Inter-level travel time spent in this place.
 D = Time resting spent in this place.
 E = Time spent auto-exploring this place.
 F = Levels seen in this place.
 G = Mean time per level.
                   A        B        C        D        E       F      G
               +--------+--------+--------+--------+--------+-----+--------+
         Total |    553 |    488 |     65 |      0 |      0 |   3 |  184.3 |
       Dungeon |    553 |    488 |     65 |      0 |      0 |   3 |  184.3 |
               +--------+--------+--------+--------+--------+-----+--------+

Top non-repeatable levels by time:
     D:3: 187 daAuts
     D:1: 185 daAuts
     D:2: 181 daAuts
